[Event "CCT Airthings Masters Play-In 2023"]
[Site "Online"]
[Date "2023.02.03"]
[Round "1"]
[White "BrandonJacobson"]
[Black "LastGladiator1"]
[Result "*"]
[ECO "A17"]
[WhiteElo "2392"]
[BlackElo "2601"]
[Annotator "TA"]
[PlyCount "36"]
[EventDate "2023.02.03"]
[EventType "swiss"]
[EventCountry "NET"]
[SourceTitle "playchess.com"]
[Source "ChessBase"]
[SourceQuality "1"]
[TimeControl "600+2"]

1. Nf3 d5 2. e3 Nf6 3. c4 e6 4. Nc3 a6 5. b3 c5 6. Bb2 {[%emt 0:00:14] A17: English Opening: 1...Nf6 with ...Bb4.} Nc6 7. cxd5 exd5 8. d4 Bg4 {[%emt 0:00:27] The main line 8...Bg4 scores better than 8...cxd4.} 9. Be2 {[%emt 0:00:52] The position is equal.} Bxf3 10. Bxf3 {[%emt 0:00:00] With the idea dxc5.} cxd4 11. exd4 Bb4 12. O-O O-O 13. Qd3 Re8 14. Rfe1 Qd6 15. g3 {[%emt 0:00:09] [#]} Rad8 $146 ({Predecessor:} 15... h5 16. h4 Rad8 17. Rad1 b5 18. Kg2 Re6 19. Rxe6 Qxe6 20. a4 Bxc3 21. Bxc3 Rb8 22. axb5 Rxb5 {1-0 Isik,A (2328)-Kotronias,V (2492) Ayvalik Petro Gp-A 2022 (1)}) 16. Rxe8+ Rxe8 17. a3 Bxc3 18. Bxc3 Ne4 {[%emt 0:00:01] A rather calm draw.   Weighted Error Value: White=0.03 (flawless) /Black=0.04 (flawless)} *

[Event "CCT Airthings Masters Play-In 2023"]
[Site "Online"]
[Date "2023.02.03"]
[Round "1"]
[White "Fighterman91"]
[Black "Infernal_XaM"]
[Result "*"]
[ECO "D02"]
[WhiteElo "2374"]
[BlackElo "2595"]
[Annotator "NA"]
[PlyCount "36"]
[EventDate "2023.02.03"]
[EventType "swiss"]
[EventCountry "NET"]
[SourceTitle "playchess.com"]
[Source "ChessBase"]
[SourceQuality "1"]
[TimeControl "600+2"]

1. d4 Nf6 2. Bf4 c5 3. e3 e6 4. c3 Qb6 5. Qb3 Nc6 6. Nd2 d5 7. Ngf3 Be7 8. Be2 c4 9. Qxb6 axb6 10. a3 b5 11. Rc1 Nd7 12. e4 Nb6 13. Bd1 f6 14. O-O g5 15. Be3 Kf7 16. Bc2 Bd7 17. h3 h5 18. g3 Rhg8 *

[Event "CCT Airthings Masters Play-In 2023"]
[Site "Online"]
[Date "2023.02.03"]
[Round "1"]
[White "kpio91"]
[Black "kirillshevchenko"]
[Result "*"]
[ECO "B30"]
[WhiteElo "2346"]
[BlackElo "2589"]
[Annotator "NA"]
[PlyCount "29"]
[EventDate "2023.02.03"]
[EventType "swiss"]
[EventCountry "NET"]
[SourceTitle "playchess.com"]
[Source "ChessBase"]
[SourceQuality "1"]
[TimeControl "600+2"]

1. e4 c5 2. Nf3 Nc6 3. Bb5 e6 4. O-O Nge7 5. Re1 b6 6. c3 a6 7. Bf1 d5 8. e5 d4 9. d3 Bb7 10. g3 Ng6 11. Bg2 Be7 12. h4 h5 13. Bg5 Qd7 14. Bxe7 Ngxe7 15. Nbd2 *

[Event "CCT Airthings Masters Play-In 2023"]
[Site "Online"]
[Date "2023.02.03"]
[Round "1"]
[White "Eltaj_Safarli"]
[Black "dropstoneDP"]
[Result "*"]
[ECO "C47"]
[WhiteElo "2339"]
[BlackElo "2586"]
[Annotator "TA"]
[PlyCount "39"]
[EventDate "2023.02.03"]
[EventType "swiss"]
[EventCountry "NET"]
[SourceTitle "playchess.com"]
[Source "ChessBase"]
[SourceQuality "1"]
[TimeControl "600+2"]

1. e4 e5 2. Nf3 Nf6 3. Nc3 Nc6 4. d4 exd4 5. Nxd4 Bb4 6. Nxc6 bxc6 7. Bd3 d5 8. exd5 O-O 9. O-O cxd5 10. h3 {[%emt 0:00:05] C47: Scotch Four Knights and Four Knights with 4 g3.} Be6 11. Qf3 c5 12. Bg5 {[%emt 0:00:02] The position is equal.} h6 13. Bh4 c4 14. Bf5 Bxc3 15. bxc3 Bxf5 16. Qxf5 Qc8 17. Qxc8 Rfxc8 {[%emt 0:00:00] [#]} 18. Bxf6 $146 ({Predecessor:} 18. f3 Nh5 19. Bf2 Nf4 20. Rfe1 Rab8 21. Bxa7 Rb2 22. Be3 g5 23. Bxf4 gxf4 24. Re2 {½-½ Burg,T (2495)-Shirov,A (2679) Bundesliga 1617 2016 (8.4)}) 18... gxf6 19. Rab1 Rab8 20. Rfd1 {[%emt 0:00:05] A rather calm draw.   Weighted Error Value: White=0.07 (flawless) /Black=0.07 (flawless)} *

[Event "CCT Airthings Masters Play-In 2023"]
[Site "Online"]
[Date "2023.02.03"]
[Round "1"]
[White "chessdjw"]
[Black "TimofeevAr"]
[Result "*"]
[ECO "D30"]
[WhiteElo "2255"]
[BlackElo "2576"]
[Annotator "TA"]
[PlyCount "29"]
[EventDate "2023.02.03"]
[EventType "swiss"]
[EventCountry "NET"]
[SourceTitle "playchess.com"]
[Source "ChessBase"]
[SourceQuality "1"]
[TimeControl "600+2"]

1. d4 d5 2. c4 e6 3. Nf3 c6 4. g3 dxc4 5. Bg2 b5 6. O-O Bb7 7. a4 Nd7 {[%emt 0:00:05] 7...Nf6 might become the main line. D30: Queen's Gambit Declined: Systems without Nc3.} 8. b3 (8. Nc3 $5 ) 8... Ngf6 $5 {[%emt 0:00:15][%mdl 4] Leaves trodden paths.} (8... cxb3 {deserves consideration.} 9. Nbd2 b4) 9. bxc4 bxc4 {[%emt 0:00:02] The position is equal.} 10. Na3 c5 (10... c3 {seems wilder.} 11. Qb3 Ba6 12. Bg5 Bxe2 13. Rfc1 Qb6) 11. Nxc4 Be7 {[%emt 0:00:04] [#]} 12. Bf4 $146 ({Predecessor:} 12. Bd2 Bd5 13. Ba5 Qc8 14. Ne3 Be4 15. Rc1 Qa6 {½-½ De Schampheleire,G (2313)-Luminet,D (2175) Geraardsbergen op 2013 (6)}) 12... O-O 13. Rc1 Bd5 14. Re1 Nb6 15. Ne3 {[%emt 0:00:44] An uneventful encounter.   Weighted Error Value: White=0.07 (flawless) /Black=0.12 (very precise)} *

[Event "CCT Airthings Masters Play-In 2023"]
[Site "Online"]
[Date "2023.02.03"]
[Round "1"]
[White "CheckBits"]
[Black "igorkovalenko"]
[Result "*"]
[ECO "B22"]
[WhiteElo "2147"]
[BlackElo "2573"]
[Annotator "TA"]
[PlyCount "40"]
[EventDate "2023.02.03"]
[EventType "swiss"]
[EventCountry "NET"]
[SourceTitle "playchess.com"]
[Source "ChessBase"]
[SourceQuality "1"]
[TimeControl "600+2"]

1. e4 c5 2. Nf3 e6 3. c3 d5 4. exd5 Qxd5 5. d4 Nf6 6. Nbd2 cxd4 7. Bc4 Qh5 {[%emt 0:00:10] B22: Sicilian: 2 c3.} 8. cxd4 Nc6 9. O-O Bd6 10. h3 O-O 11. Be2 {[%emt 0:00:14][%cal Of3e5] [#]} Qf5 $146 ({Predecessor:} 11... Qd5 12. Bc4 Qa5 13. Nb3 Qc7 14. Be3 Nb4 15. Qe2 b6 16. a3 Nbd5 17. Rac1 Qd8 {½-½ Tokhirjanova,H (2126)-Assaubayeva,B (1891) Asian Continental op (Women) 13th 2014 (9)}) 12. Nc4 Bc7 13. Ne3 Qh5 14. Qb3 Rd8 15. Rd1 Rb8 16. Bd2 Bd7 17. Rac1 Bb6 (17... Be8 $11) 18. Bc3 (18. Nc4 $14 {was preferrable.}) 18... Be8 {[%emt 0:00:10] The position is equal.} 19. Nc4 Nd5 20. Nxb6 axb6 {[%emt 0:00:00] A rather calm draw.   Weighted Error Value: White=0.08 (flawless) /Black=0.13 (very precise)} *

[Event "CCT Airthings Masters Play-In 2023"]
[Site "Online"]
[Date "2023.02.03"]
[Round "1"]
[White "Ginger_GM"]
[Black "spicycaterpillar"]
[Result "*"]
[ECO "D00"]
[WhiteElo "2110"]
[BlackElo "2572"]
[Annotator "TA"]
[PlyCount "23"]
[EventDate "2023.02.03"]
[EventType "swiss"]
[EventCountry "NET"]
[SourceTitle "playchess.com"]
[Source "ChessBase"]
[SourceQuality "1"]
[TimeControl "600+2"]

1. d4 Nf6 2. Nc3 d5 3. Bf4 a6 4. e3 e6 5. h4 c5 6. g4 {[%emt 0:00:04][%cal Bg2g4,Bg4g5][%mdl 32] D00: 1 d4 d5: Unusual lines.} Nc6 (6... Qb6 $15) 7. g5 $11 Nd7 8. Nf3 {[%emt 0:00:03] The position is equal.} b5 {[%emt 0:00:13] [#]} 9. h5 $146 ({Predecessor:} 9. Ne2 Nb6 10. c3 Bd6 11. h5 Bb7 12. Bh3 Qe7 13. Bxd6 Qxd6 14. dxc5 Qxc5 15. g6 hxg6 16. hxg6 {1-0 Carlsen,M (2876)-Grandelius,N (2691) Chess24 Banter Blitz Cup 2019 (5.10)}) 9... b4 ({Black should try} 9... cxd4 $11 10. exd4 (10. Nxd4 Bb7 $11) 10... h6) 10. Na4 $14 c4 11. b3 c3 12. Bd3 {[%emt 0:00:56] White took control after the opening.   Weighted Error Value: White=0.08 (flawless) /Black=0.22 (precise)} *

[Event "CCT Airthings Masters Play-In 2023"]
[Site "Online"]
[Date "2023.02.03"]
[Round "1"]
[White "Mastroskaki"]
[Black "Perez Ponsa, Federico"]
[Result "*"]
[ECO "E90"]
[WhiteElo "2088"]
[BlackElo "2532"]
[Annotator "TA"]
[PlyCount "41"]
[EventDate "2023.02.03"]
[EventType "swiss"]
[EventCountry "NET"]
[SourceTitle "playchess.com"]
[Source "ChessBase"]
[SourceQuality "1"]
[TimeControl "600+2"]

1. d4 Nf6 2. c4 g6 3. Nc3 Bg7 4. e4 d6 5. Nf3 O-O 6. Bd3 Nc6 7. d5 {[%emt 0:00:25] is now more promising than 7.0-0. E90: King's Indian: Classical: Early deviations and 6 h3.} Nb4 8. Be2 a5 9. a3 {[%emt 0:00:03] White is slightly better.} Na6 {[%emt 0:00:02] [#]} 10. Be3 $146 ({Predecessor:} 10. O-O Nc5 11. Qc2 Ng4 12. h3 Nf6 13. Be3 Ncd7 14. Rab1 e5 15. b4 b6 16. Nd2 {0-1 Parreno Cueto,A (1829)-Camarero Izquierdo,J (1950) Collado Villalba op-B 26th 2009 (3)}) 10... e6 11. h3 Re8 12. Nd2 exd5 13. cxd5 Nc5 14. Bxc5 dxc5 15. O-O b6 (15... c6 $11) 16. Bb5 ({Better is} 16. f4 $14) 16... Bd7 $11 17. a4 Bxb5 18. axb5 Nh5 19. Re1 Nf4 {[%emt 0:00:42] [#] White must now prevent ...Qg5.} 20. Qf3 (20. Nc4 $5 ) 20... Qg5 (20... g5 $11) 21. Nc4 {[%emt 0:00:05] Weighted Error Value: White=0.12 (very precise) /Black=0.14 (very precise)} *

[Event "CCT Airthings Masters Play-In 2023"]
[Site "Online"]
[Date "2023.02.03"]
[Round "1"]
[White "Cueva Jumbo, Eduardo"]
[Black "Byniolus"]
[Result "*"]
[ECO "D11"]
[WhiteElo "1954"]
[BlackElo "2238"]
[Annotator "TA"]
[PlyCount "31"]
[EventDate "2023.02.03"]
[EventType "swiss"]
[EventCountry "NET"]
[SourceTitle "playchess.com"]
[Source "ChessBase"]
[SourceQuality "1"]
[TimeControl "600+2"]

1. c4 c6 2. d4 d5 3. Nf3 Nf6 4. Qc2 g6 5. e3 Bg7 6. Be2 {[%emt 0:00:01] D11: Slav Defence: 3 Nf3 sidelines and 3...Nf6 4 e3 Bg4.} O-O 7. O-O Bf5 8. Qb3 {[%emt 0:00:01] White has an edge.} Qb6 9. Nc3 Nbd7 10. Bd2 {[%emt 0:00:26][%cal Rc4d5] [#]} Rfc8 $146 ({Predecessor:} 10... e6 11. Rfc1 h6 12. Nh4 Rfc8 13. Be1 Bf8 14. h3 h5 15. Nxf5 gxf5 16. Qd1 h4 {0-1 Gharibyan,M (2401)-Murzin,V (2586) Wch Blitz Almaty 2022 (11)}) 11. Rfc1 h6 12. cxd5 Qxb3 13. axb3 {[%emt 0:00:00] aiming for dxc6.} cxd5 14. Ra5 e6 15. Rca1 a6 16. b4 {[%emt 0:00:04] Weighted Error Value: White=0.05 (flawless) /Black=0.06 (flawless)} *

[Event "CCT Airthings Masters Play-In 2023"]
[Site "Online"]
[Date "2023.02.03"]
[Round "1"]
[White "Chan, Chak Man"]
[Black "gmjlh"]
[Result "*"]
[ECO "D02"]
[WhiteElo "1862"]
[BlackElo "2508"]
[Annotator "TA"]
[PlyCount "28"]
[EventDate "2023.02.03"]
[EventType "swiss"]
[EventCountry "NET"]
[SourceTitle "playchess.com"]
[Source "ChessBase"]
[SourceQuality "1"]
[TimeControl "600+2"]

1. d4 Nf6 2. Bf4 d5 3. e3 e6 4. Nf3 Bd6 5. Nbd2 Bxf4 6. exf4 O-O {[%emt 0:00:01] D02: 1 d4 d5 2 Nf3 sidelines, including 2...Nf6 3 g3 and 2...Nf6 3 Bf4.} 7. Bd3 b6 8. O-O c5 9. Re1 Ba6 10. Ne5 {[%emt 0:01:05] [#]} g6 $146 ({Predecessor:} 10... Bxd3 11. cxd3 Nfd7 12. Rc1 Nxe5 13. fxe5 Nc6 14. dxc5 bxc5 15. Nb3 c4 16. dxc4 dxc4 17. Rxc4 Nxe5 {½-½ Petrosyan,M (2610)-Anton Guijarro,D (2667) Olympiad-44 Chennai 2022 (11.3)}) 11. Rc1 Nfd7 12. Ndf3 Nxe5 13. Nxe5 c4 14. Bf1 c3 {[%emt 0:00:01] An uneventful encounter.   Weighted Error Value: White=0.07 (flawless) /Black=0.04 (flawless)} *

[Event "CCT Airthings Masters Play-In 2023"]
[Site "Online"]
[Date "2023.02.03"]
[Round "2"]
[White "PSvidler"]
[Black "K_A_S_T_O_R"]
[Result "0-1"]
[ECO "B56"]
[WhiteElo "2800"]
[BlackElo "2564"]
[Annotator "TA"]
[PlyCount "72"]
[EventDate "2023.02.03"]
[EventType "swiss"]
[EventCountry "NET"]
[SourceTitle "playchess.com"]
[Source "ChessBase"]
[SourceQuality "1"]
[TimeControl "600+2"]

1. e4 c5 2. Nf3 d6 3. d4 cxd4 4. Nxd4 Nf6 5. Nc3 a6 6. Nb3 Nc6 7. Be3 {[%emt 0:00:06] B56: Classical Sicilian: Unusual Lines.} Ng4 8. Bd2 Nf6 {[%emt 0:00:17] [#]} 9. Qe2 $146 {[%emt 0:00:23] The position is equal.} ({Predecessor:} 9. h4 g6 10. Bg5 Bg7 11. Qd2 h6 12. Bf4 Be6 13. O-O-O h5 14. Kb1 O-O 15. f3 {1-0 Grischuk,A (2752)-Kokarev,D (2636) RUS-ch 69th Novosibirsk 2016 (11)}) 9... e5 10. O-O-O h6 11. Nd5 Be6 12. Be3 Bxd5 (12... Nxe4 $2 13. Bb6 Qg5+ 14. Be3 $18) 13. exd5 Nb4 14. c4 ({White should try} 14. g3 $14) 14... Nxa2+ 15. Kb1 Nb4 {[%emt 0:00:01] aiming for ...Qd7.} 16. f4 {[%emt 0:00:01] Threatens to win with Bd2.} Qd7 17. Bd2 Qf5+ 18. Ka1 a5 {[%emt 0:00:19] White must now prevent ...Qc2.} 19. c5 Qc2 $2 (19... Nbxd5 20. Qb5+ Qd7 21. cxd6 Bxd6 22. fxe5 Bxe5 23. Re1 $16) (19... Nc2+ $11 {and Black has nothing to worry.} 20. Ka2 a4) 20. Qb5+ $18 Nd7 21. Rc1 (21. Bc4 $18 Be7 22. cxd6 (22. Qxb7 $2 {too greedy.} Rb8 $19) 22... Bxd6 23. Rc1) 21... Qxb3 $19 22. Bc4 Nc2+ 23. Rxc2 Qxc2 24. c6 bxc6 25. dxc6 Nc5 26. c7+ Ke7 27. fxe5 Qa4+ $1 ({Much less strong is} 27... Qxd2 28. Qc6 Rc8 29. Bd5 $18) 28. Qxa4 Nxa4 29. Bd5 Rc8 30. Bxa5 {[%emt 0:00:13] [#]} Nc5 $1 ({Weaker is} 30... dxe5 31. Rc1 $17) 31. b4 {[%emt 0:00:25] [#]} Ne6 32. Rc1 dxe5 33. Bb7 $2 {[%emt 0:00:05] [#]} (33. b5 Nxc7 34. b6 Nxd5 {[%mdl 64] Discovered Attack} 35. Rxc8 Nxb6 36. Bxb6) 33... Kd7 $1 {[%emt 0:00:02] Black is clearly winning.} 34. b5 {[%emt 0:00:14] [#]} (34. Bc6+ Kd6) 34... Bc5 $1 35. b6 {[%emt 0:00:02] [#]} (35. Kb1 Rxc7) 35... Ra8 $1 36. Bxa8 (36. Kb1 Rxa5) 36... Rxa8 {[%emt 0:00:02] Weighted Error Value: White=0.54/Black=0.21 (precise)} 0-1

[Event "CCT Airthings Masters Play-In 2023"]
[Site "Online"]
[Date "2023.02.03"]
[Round "2"]
[White "LevonAronian"]
[Black "xxysoul6"]
[Result "0-1"]
[ECO "C19"]
[WhiteElo "2790"]
[BlackElo "2562"]
[Annotator "TA"]
[PlyCount "50"]
[EventDate "2023.02.03"]
[EventType "swiss"]
[EventCountry "NET"]
[SourceTitle "playchess.com"]
[Source "ChessBase"]
[SourceQuality "1"]
[TimeControl "600+2"]

1. e4 e6 2. d4 d5 3. Nc3 Bb4 4. e5 c5 5. a3 Bxc3+ 6. bxc3 Nc6 7. a4 Qa5 $1 {[%emt 0:00:28] The main line 7...Qa5 scores better than 7...Nge7.} 8. Bd2 Nge7 9. Bb5 Bd7 {[%emt 0:00:32] [#] C19: French: 3 Nc3 Bb4: Main line: 7 Nf3 and 7 a4.} 10. Qh5 $146 ({Predecessor:} 10. Qg4 O-O 11. Nf3 c4 12. h4 Nxe5 13. Nxe5 Bxb5 14. O-O Be8 15. h5 Qa6 16. Rfe1 f6 17. Nf3 {1-0 Shuvalova,P (2492)-Ljukin,S (2362) Speed Chess Q2 blitz 2022 (4)}) 10... Qb6 11. dxc5 Qc7 {[%emt 0:00:31] The position is equal.} 12. f4 (12. Nf3 $14) 12... Na5 $11 {[%emt 0:00:10][%cal Od7b5] White should prevent ...Bxb5!} 13. Nf3 (13. Be3 $11) 13... Bxb5 $15 14. axb5 Nc4 $1 $36 {[%emt 0:00:01][%mdl 2048] Prevents Be3. Black has the initiative.} 15. Nd4 $1 ({Much worse is} 15. Ng5 g6 16. Qe2 Qxc5 $17) 15... g6 ({Don't play} 15... Qxc5 16. Nxe6 Qb6 17. Nxg7+ Kf8 18. f5 Nxd2 19. Kxd2 Qf2+ 20. Kd1 Qxg2 21. Re1 Qxg7 22. f6 $16) 16. Qh4 Qxc5 17. g4 {[%emt 0:00:26] Dodges Nf5} ({White should play} 17. Qf2 $15) 17... Rc8 {[%emt 0:00:18] Threatens to win with ...Nxd2.} 18. Bc1 (18. Qf2 $17 {was called for.}) 18... Nxe5 $1 $19 {[%emt 0:00:26][%mdl 64] [#] Discovered Attack. A dynamic duo of knights.} 19. Ba3 $2 (19. Qh3 Nxg4 20. Ba3) 19... Qxc3+ {[%emt 0:01:17] Black is clearly winning.} 20. Ke2 Qc4+ (20... Qxd4 $2 21. Qxe7#) ({Not} 20... f6 21. Qxf6 $15) 21. Ke1 g5 (21... Qxd4 $2 22. Qxe7#) 22. Qxg5 N7g6 (22... Qxd4 $2 23. Qxe7#) 23. Rd1 Qc3+ 24. Ke2 h6 {[%emt 0:00:14][%mdl 64] [#] Deflection} 25. Qf6 Nxg4 {[%emt 0:00:03] An entertaining game by xxysoul6.   Weighted Error Value: White=0.51/Black=0.32} 0-1

[Event "CCT Airthings Masters Play-In 2023"]
[Site "Online"]
[Date "2023.02.03"]
[Round "2"]
[White "Firouzja, Alireza"]
[Black "GukeshDommaraju"]
[Result "1/2-1/2"]
[ECO "B30"]
[WhiteElo "2785"]
[BlackElo "2560"]
[Annotator "TA"]
[PlyCount "150"]
[EventDate "2023.02.03"]
[EventType "swiss"]
[EventCountry "NET"]
[SourceTitle "playchess.com"]
[Source "ChessBase"]
[SourceQuality "1"]
[TimeControl "600+2"]

1. e4 c5 2. Nf3 Nc6 3. Bb5 e6 4. O-O Nge7 5. Re1 a6 6. Bf1 d5 7. exd5 Nxd5 8. d4 Nf6 9. Be3 Be7 {[%emt 0:00:05] B30: Sicilian: 2...Nc6 3 Bb5, lines without ...g6.} 10. c4 O-O 11. Nc3 cxd4 12. Nxd4 Ne5 $1 {[%emt 0:00:09][%mdl 4] is now more promising than 12...Bd7.} 13. h3 {[%emt 0:00:09] Inhibits Neg4.} Bd7 14. Rc1 Rc8 15. Qb3 Qc7 16. Na4 Rcd8 17. Qb6 Qc8 18. Qa5 Qb8 {[%emt 0:00:04] [#]} 19. Nb6 $146 ({Predecessor:} 19. b4 Be8 20. b5 axb5 21. Nxb5 Nd3 22. Bxd3 Rxd3 23. Rcd1 Rxd1 24. Rxd1 Bc6 25. Na7 {½-½ Giri,A (2764)-Praggnanandhaa,R (2676) Julius Baer GenCup Prelim rapid 2022 (14)}) 19... Bc6 20. Rcd1 Be4 21. Bg5 {[%emt 0:00:31] [#]} (21. b4 $11) 21... Rxd4 $1 $15 {[%emt 0:00:10][%mdl 64] Remove Defender, Decoy} 22. Rxd4 Nc6 $1 $40 {[%emt 0:00:01][%csl LRa5,LRd4][%mdl 128] Black is out for blood.} 23. Qd2 {[%emt 0:00:06] Strongly threatening Bxf6.} Bb4 24. Bxf6 $2 Bxd2 $19 25. Rxd2 gxf6 (25... Bxg2 $19 {has better winning chances.} 26. Bxg2 gxf6) 26. Rxe4 $17 Ne5 (26... f5 $19 {and Black stays clearly on top.} 27. Nd7 Qc8) 27. c5 (27. Nd7 $17 {might work better.} Nxd7 28. Rg4+ Kh8 29. Rxd7) 27... Rd8 $19 28. Red4 Rxd4 29. Rxd4 Qc7 30. b4 Nc6 {[%emt 0:00:18] Wards off a3} 31. Rd7 Qf4 32. a3 Nd4 $1 33. Nc4 {[%emt 0:00:02] Against Qd2} e5 (33... h5 $1 $17 {...h4 would be deadly.} 34. g3 Nf3+ 35. Kg2 Ne1+ 36. Kg1 Qf3) 34. Rxb7 $2 (34. Ne3 $1 $11 {and White is okay.}) 34... Qc1 {[%emt 0:00:06] ( -> ...Ne2+)} 35. Ne3 Qe1 $2 ({Less strong is} 35... Qxa3 36. Bc4 $14) (35... f5 $1 $19 {[%cal Rf5f4] Threatens to win with ...f4.} 36. g4 f4) 36. c6 Nxc6 $17 37. Nf5 h5 $1 38. Rd7 Qb1 (38... e4 $142 $1 {...Ne5 is the strong threat.} 39. Rc7 Ne5) 39. Rd6 Nxb4 40. axb4 Qxf5 41. Rxa6 {[%emt 0:00:00][%mdl 4096] Endgame KQ-KRB} Kg7 42. Ra1 {[%emt 0:00:04] Dodges Qb1} (42. b5 $17) 42... Qc2 43. b5 Qb2 44. Re1 {[%emt 0:00:01] [#]} (44. Rd1 $17 {is a better defense.}) 44... f5 $1 $19 45. g3 Kf6 $2 (45... h4 $19 {is more deadly.} 46. Re2 Qxb5) 46. Re3 (46. h4 $17 {was worth a try.}) 46... e4 ({Black should play} 46... h4 $19 47. gxh4 e4) 47. Re2 (47. h4 $17) 47... Qb1 ({Stronger than} 47... Qxb5 48. Rxe4 Qd5 49. Rf4 $11) 48. Re3 $2 (48. h4) 48... Ke5 (48... h4 $142 49. gxh4 f4) 49. Kg2 $2 (49. h4) 49... Kd4 $2 (49... h4 $19 50. gxh4 f4) 50. h4 $17 Qb4 (50... Ke5 $17 51. Be2 Kf6) 51. Be2 $15 Ke5 {[%emt 0:00:04] White should prevent ...f4.} 52. Bxh5 Qxb5 53. Bxf7 f4 54. gxf4+ Kxf4 55. Bg6 Ke5 56. Bxe4 {[%emt 0:00:01] White wants to mate with Bd3+.} Kf6 57. Bf3 Qc4 58. Re4 Qd3 59. Rg4 Qd2 60. h5 Qc1 61. Rg6+ Kf5 62. Bg4+ Kf4 63. Bf3 {[%emt 0:00:06] aiming for h6.} Qc3 $2 {[%emt 0:00:02][%mdl 8192] [#] Repels h6} (63... Kf5 $11) 64. Rg4+ $1 $18 Kf5 65. Rg3 $2 (65. h6 {mates} Qf6 66. h7 Qh6 67. Be2 Ke6 68. Bd3 Qh5 69. Rg8 Qd5+ 70. Kg1 Qxd3 71. h8=Q (71. h8=R Qb1+ 72. Kh2 Qf5 $16) 71... Qd1+ 72. Kg2 Qd5+ 73. f3) 65... Qd4 {[%emt 0:00:03] The position is equal.} 66. h6 {[%emt 0:00:01] Threatening mate with h7.} Qh4 67. Rh3 Qg5+ 68. Kh1 Qc1+ 69. Kh2 Qf4+ 70. Kg2 Qg5+ 71. Kf1 {[%emt 0:00:01] Rh5 would kill now.} Qc1+ 72. Ke2 Qc2+ 73. Ke1 Qc3+ 74. Kf1 {[%emt 0:00:01][%cal Of3e4] White threatens Be4+! and mate.} Qc1+ 75. Kg2 {[%emt 0:00:01] Intending Rh5+ and mate.} Qg5+ {[%emt 0:00:01] Quite a comeback for White.   Weighted Error Value: White=0.48/Black=0.44} 1/2-1/2

[Event "CCT Airthings Masters Play-In 2023"]
[Site "Online"]
[Date "2023.02.03"]
[Round "2"]
[White "Grischuk, Alexander"]
[Black "SergeiAza"]
[Result "1-0"]
[ECO "D03"]
[WhiteElo "2745"]
[BlackElo "2521"]
[Annotator "TA"]
[PlyCount "73"]
[EventDate "2023.02.03"]
[EventType "swiss"]
[EventCountry "NET"]
[SourceTitle "playchess.com"]
[Source "ChessBase"]
[SourceQuality "1"]
[TimeControl "600+2"]

1. d4 Nf6 2. Nf3 e6 3. Bg5 d5 4. Nbd2 c5 5. e3 Nc6 6. c3 Be7 7. Bd3 h6 {[%emt 0:00:07] D03: 1 d4 d5 2 Nf3 Nf6 3 Bg5, including Torre Attack with early ...d5.} 8. Bf4 b6 9. Ne5 Nxe5 {[%emt 0:00:09] The position is equal.} 10. Bxe5 O-O 11. O-O Bb7 12. Qf3 {[%emt 0:00:53] [#]} Bd6 $146 ({Predecessor:} 12... Nd7 13. Qg3 Nxe5 14. dxe5 Bh4 15. Qg4 Qg5 16. Qxg5 Bxg5 17. f4 Be7 18. Rfd1 Rfd8 19. c4 {1-0 Skliarov,O (2137)-Smykalo,S (1882) Eljanov Memorial 6th blitz 2020 (4)}) 13. Qg3 Bxe5 14. dxe5 Nd7 (14... Ne4 $11 15. Bxe4 dxe4) 15. f4 $1 $14 {[%emt 0:00:15] White has more active pieces. The black rooks are badly placed.} f5 16. Qh3 c4 (16... Qe8 $14) 17. Bc2 $16 Nc5 18. Nf3 Qe7 19. Nd4 Kh7 20. g4 g6 21. Rf2 Nd3 (21... Rg8 $16) 22. Rg2 Rf7 23. Bxd3 cxd3 24. Rd1 Ba6 25. Qg3 {[%emt 0:00:11] aiming for gxf5.} Rg8 26. gxf5 {[%emt 0:00:02] Black is weak on the dark squares} exf5 27. h4 Rfg7 28. Qh3 Bc4 {[%emt 0:00:26] [#]} 29. Kh2 $1 a5 30. h5 gxh5 31. Qxf5+ $2 (31. Nxf5 $2 {too greedy.} Rxg2+ 32. Kh1 Qe6 $19) (31. Rxg7+ $18 Qxg7 32. Nxf5 (32. Qxf5+ Kh8 $16)) 31... Kh8 $14 32. Rxg7 Qxg7 33. Qh3 {[%emt 0:00:47] Repels Qg2+. Nf5 is the strong threat. The board is on fire.} (33. Qxh5 $2 Qg2#) 33... d2 $1 34. Nf5 $36 {[%emt 0:00:16][%cal Bd4f5,Bf5e7,Be7f5][%mdl 2080] White has the initiative.} Qg6 (34... Qg1+ $1 $11 35. Rxg1 Rxg1 {[%mdl 64] Remove Defender} 36. Kxg1 d1=Q+ 37. Kh2 Bf1) 35. Ne7 $18 {[%emt 0:00:06][%mdl 64] [#] Deflection, Double Attack. White is clearly winning.} (35. Rxd2 $2 Qg1#) 35... Qd3 {[%emt 0:00:06] ( -> ...Qe2+)} 36. Qxh5 Rg7 37. Nf5 {[%emt 0:00:08] Artfully played by Grischuk.   Weighted Error Value: White=0.16 (very precise) /Black=0.40} (37. Qxh6+ $2 {perishes.} Rh7 $19) 1-0